 Dungeon Crawl Stone Soup version 0.31-a0-229-g1fc7ce93e2 (webtiles) character file.

Game seed: 5497311738823335880

14525 Newt the Markskobold (level 12, 0/68 HPs)
             Began as a Kobold Hunter on July 6, 2023.
             Was a Believer of Hepliaklqana.
             Succumbed to a wolf spider's poison
             ... in a Gauntlet.
             The game lasted 00:14:13 (10977 turns).

Newt the Markskobold (Kobold Hunter)               Turns: 10977, Time: 00:14:14

Health: 0/68       AC: 13    Str: 13    XL:     12   Next: 46%
Magic:  12/12      EV: 22    Int: 15    God:    Hepliaklqana [**....]
Gold:   877        SH:  0    Dex: 36    Spells: 11/11 levels left

rFire   . . .        L - +9 shortbow of Ignis's Benevolence {flame, rN+ Dex+5}
rCold   . . .        (shield currently unavailable)
rNeg    + + .        x - +3 ring mail of the Nexus {rN+ Dex+3 Stlth+}
rPois   .            (no helmet)
rElec   .            (no cloak)
rCorr   .            d - +1 pair of gloves
SInv    .            w - +0 pair of boots
Will    .....        b - amulet of regeneration
Stlth   ++++++       e - +6 ring of intelligence
HPRegen 1.11/turn    f - +6 ring of dexterity
MPRegen 0.13/turn

%: no teleportation, random rage (3%)
@: lethally poisoned (0 -> -25)
A: reduced essence, small, no large weapons, nightstalker 3, iridescent scales
1, berserk 1, strong 1
a: Renounce Religion, Recall Ancestor, Ancestor Identity


You were in a Gauntlet.
You worshipped Hepliaklqana.
Hepliaklqana was pleased with you.
You visited 1 branch of the dungeon, and saw 11 of its levels.
You also visited: Ossuary and Gauntlet.

You collected 877 gold pieces.

Inventory:

Hand Weapons
 a - a +1 shortbow
 G - a +1 orcbow of flaming
 I - a +0 shortbow of freezing
 L - the +9 shortbow of Ignis's Benevolence (weapon) {flame, rN+ Dex+5}
   (You took it off a gnoll on level 9 of the Dungeon)

   Dex:       It affects your dexterity (+5).
   rN:        It protects you from negative energy.
Missiles
 D - 4 throwing nets
Armour
 c - a +0 leather armour
 d - a +1 pair of gloves (worn)
 w - a +0 pair of boots (worn)
 x - the +3 ring mail of the Nexus (worn) {rN+ Dex+3 Stlth+}
   (You found it on level 4 of the Dungeon)

   Dex:       It affects your dexterity (+3).
   rN:        It protects you from negative energy.
   Stlth:     It makes you more stealthy.
 E - a +0 kite shield
Jewellery
 b - an amulet of regeneration (around neck)
 e - a +6 ring of intelligence (left hand)
 f - a +6 ring of dexterity (right hand)
 y - a ring of wizardry
 z - a +6 ring of strength
 F - an amulet of the acrobat
 J - a ring of protection from cold
Wands
 u - a wand of paralysis (9)
 B - a wand of iceblast (2)
 C - a wand of mindburst (4)
Scrolls
 l - 3 scrolls of teleportation
 o - 2 scrolls of revelation
 r - a scroll of enchant armour
 t - a scroll of noise
Potions
 g - 2 potions of enlightenment
 j - 2 potions of berserk rage
 k - 4 potions of mutation
 m - 2 potions of degeneration
 n - 3 potions of attraction
 s - a potion of brilliance {unknown}
 v - a potion of haste {unknown}
 A - a potion of magic {unknown}


   Skills:
 + Level 9.3 Fighting
 - Level 18.0 Ranged Weapons
 - Level 8.0 Dodging
 - Level 6.0 Stealth
 - Level 10.0 Evocations


You had 11 spell levels left.
You didn't know any spells.
Your spell library contained the following spells:

 Spells                   Type           Power      Damage    Failure   Level
 Apportation              Tloc           0%         N/A       52%         1
 Beastly Appendage        Tmut           0%         N/A       52%         1
 Freeze                   Ice            0%         1d3       52%         1
 Necrotise                Necr           0%         1d4       52%         1
 Summon Small Mammal      Summ           0%         N/A       52%         1
 Frozen Ramparts          Ice            0%         1d1       87%         3
 Hailstorm                Conj/Ice       0%         3d3       87%         3
 Alistair's Intoxication  Tmut/Pois      0%         N/A       100%        5
 Storm Form               Tmut/Air       0%         N/A       100%        7
 Maxwell's Capacitive Co  Air            0%         ∞         100%        8


Dungeon Overview and Level Annotations

Branches:
Dungeon (11/15)            Temple (0/1) D:7            Lair (0/5) D:11
Ossuary (visited)         Gauntlet (1/1)
    Orc: D:9-12

Altars:
Hepliaklqana
Makhleb
Nemelex Xobeh
Ru
Trog
Uskayaw
Wu Jian
Yredelemnul

Shops:
D:4 :

Annotations:
Gauntlet 9 transporters


Innate Abilities, Weirdness & Mutations

Your life essence is reduced to manifest your ancestor. (-10% HP)
You are small and have problems with some larger weapons.
You are completely attuned to the shadows.
You are partially covered in iridescent scales. (AC +2)
You sometimes lose your temper in combat.
Your muscles are strong. (Str +4, Int/Dex -1)


Message History

The wolf spider bites you!
* * * LOW HITPOINT WARNING * * *
The jumping spider leaps!
You feel much better. The wolf spider closely misses you.
The wolf spider bites you but does no damage.
Okay, then.
The wolf spider attacks as you move away!
The wolf spider closely misses you. The wolf spider bites you!
The wolf spider completely misses you. The wolf spider bites you.
* * * LOW HITPOINT WARNING * * *
You are poisoned.
The wolf spider poisons you!
You see here the amulet of Hiaz {Faith rN+ Dex+2 Slay+2}.
The wolf spider attacks as you move away!
The wolf spider completely misses you. x2
* * * LOW HITPOINT WARNING * * *
You feel very sick.
You see here a glowing white potion.
Unknown command.
You feel much better.
You feel very sick. The wolf spider misses you. The wolf spider bites you.
The wolf spider closely misses you. The wolf spider bites you.
You fade into invisibility!
You feel very sick. The wolf spider hits you!
* * * LOW HITPOINT WARNING * * *
The wolf spider bites you!
* * * LOW HITPOINT WARNING * * *
Unknown command.
You feel better. The wolf spider misses you. The wolf spider bites you.
* * * LOW HITPOINT WARNING * * *
You are lethally poisoned!
The wolf spider poisons you! The wolf spider misses you.
The wolf spider completely misses you.
It was a potion of cancellation.
Your magical effects are unravelling.
You feel magically purged.
You flicker back into view.
You are no longer corroded.
You die...

8.....8....................§##
.............8.....8.....8.##
.###########...............≈#
.#?.#.....4#...#########...##
.#...#.....#...###.....#...≈#
.#...#....#########.##.#...##
.#... ##.#...#[...##.#...≈#
.#©.. .#©8©#©#.s.#.#©8.##
.#=## ..#...#@##....#...≈#
.##....#...#####s##°####...##
.#.....#...#...#Bs.s.###...≈#
.#!.....#.2#...#########...##
.###########...............≈#
.............8.....8.....8.##
......8.................§..≈#
§............#≈#≈#≈#§#§#≈#§##
#≈#≈#≈#≈#≈#≈################


You could see an entropy weaver, a wolf spider and a jumping spider.

Vanquished Creatures
  2 centaur warriors (D:9)
  3 two-headed ogres
  A deep elf pyromancer (D:9)
  A manticore (D:9)
  A komodo dragon (D:10)
  Prince Ribbit (D:7)
  2 hornets (D:9)
  A culicivora (shapeshifter) (D:9)
  19 yaks
  A shadow (D:11)
  A wraith (D:9)
  3 vampires
  A steam dragon (D:9)
  Edmund (D:6)
  An acid dragon (shapeshifter) (D:9)
  3 water moccasins
  5 black bears
  An ice beast (D:5)
  2 orc warriors
  2 sky beasts (D:6)
  An ogre (D:7)
  3 centaurs
  A phantom (D:4)
  4 bullfrogs
  3 gnoll sergeants
  3 kobold brigands
  A scorpion (D:7)
  3 wights (D:6)
  22 killer bees
  3 howler monkeys (D:10)
  3 electric eels (D:9)
  A crimson imp (D:6)
  3 jellies
  2 quasits (D:6)
  5 hounds
  3 gnoll boudas
  An iguana (D:6)
  A sleepcap (D:7)
  3 orc wizards
  8 mummies (Ossuary)
  27 gnolls
  11 adders
  6 shadow imps
  3 white imps
  An ufetubus (D:6)
  A worm (D:3)
  15 orcs
  9 ball pythons
  11 endoplasms
  6 giant cockroaches
  5 hobgoblins
  6 jackals
  A quokka (D:2)
  9 bats
  7 frilled lizards
  2 gnoll zombies (Ossuary)
  6 goblins
  3 hobgoblin zombies (Ossuary)
  19 kobolds
  2 kobold zombies (Ossuary)
  An orc zombie (Ossuary)
  5 rats
282 creatures vanquished.

Vanquished Creatures (collateral kills)
  Psyche (D:8)
  A troll (D:9)
  A wyvern (D:11)
  2 yaks
  A kobold brigand (D:9)
  A bullfrog (D:8)
  A killer bee (D:8)
  An orc priest (D:8)
  3 kobolds (D:9)
12 creatures vanquished.

Vanquished Creatures (others)
  A knight (Gauntlet)
  6 ancestors
7 creatures vanquished.

Grand Total: 301 creatures vanquished

Notes
Turn   | Place    | Note
-------+----------+-------------------------------------------
     0 | D:1      | Newt the Kobold Hunter began the quest for the Orb.
     0 | D:1      | Reached XP level 1. HP: 12/12 MP: 1/1
    45 | D:1      | Reached XP level 2. HP: 15/18 MP: 2/2
   203 | D:1      | Reached XP level 3. HP: 23/23 MP: 3/3
   642 | D:1      | Reached XP level 4. HP: 30/30 MP: 4/4
   735 | D:2      | Found a faded altar of an unknown god.
   741 | D:2      | Got Plato's Codex of Transfiguration
  1324 | D:2      | Reached skill level 5 in Fighting
  1379 | D:2      | Reached XP level 5. HP: 35/35 MP: 5/5
  1890 | D:3      | Reached skill level 6 in Ranged Weapons
  1927 | D:3      | Identified the +3 trident of Red Wine {freeze, rPois rF-
                  | rN+ Str+2}
  2644 | D:4      | Found a sand-covered staircase.
  2649 | Ossuary  | Entered an ossuary
  2680 | Ossuary  | HP: 1/35 [mummy (10)]
  2715 | Ossuary  | Reached skill level 7 in Ranged Weapons
  2715 | Ossuary  | Reached XP level 6. HP: 38/40 MP: 6/6
  3371 | D:4      | Gained mutation: You are partially covered in iridescent
                  | scales. (AC +2) [potion of mutation]
  3371 | D:4      | Gained mutation: You sometimes lose your temper in combat.
                  | [potion of mutation]
  3371 | D:4      | Gained mutation: Your muscles are strong. (Str +4, Int/Dex
                  | -1) [potion of mutation]
  3410 | D:4      | Found Saptuluq's Self-Improvement Boutique.
  3458 | D:4      | Reached skill level 8 in Ranged Weapons
  3482 | D:4      | Found a sacrificial altar of Ru.
  3578 | D:4      | Found an ornate altar of the Wu Jian Council.
  3652 | D:4      | Reached XP level 7. HP: 44/44 MP: 7/7
  3700 | D:4      | Identified the +3 ring mail of the Nexus {rN+ Dex+3 Stlth+}
  3741 | D:4      | Reached skill level 9 in Ranged Weapons
  4073 | D:5      | Entered Level 5 of the Dungeon
  4169 | D:5      | Reached skill level 10 in Ranged Weapons
  4307 | D:5      | Reached XP level 8. HP: 49/49 MP: 8/8
  4623 | D:5      | Reached skill level 5 in Dodging
  5466 | D:6      | Noticed Edmund
  5491 | D:6      | Killed Edmund
  5492 | D:6      | Reached XP level 9. HP: 59/59 MP: 9/9
  5522 | D:6      | Reached skill level 11 in Ranged Weapons
  5892 | D:6      | Reached skill level 12 in Ranged Weapons
  6170 | D:6      | Found a hazy altar of Hepliaklqana.
  6178 | D:6      | Found a basalt altar of Yredelemnul.
  6187 | D:6      | Became a worshipper of Hepliaklqana the Forgotten
  6282 | D:6      | Found a burning altar of Makhleb.
  6580 | D:7      | Found a sparkling altar of Nemelex Xobeh.
  6659 | D:7      | Noticed Prince Ribbit
  6665 | D:7      | Killed Prince Ribbit
  6666 | D:7      | Reached skill level 13 in Ranged Weapons
  6979 | D:7      | Reached skill level 14 in Ranged Weapons
  6993 | D:7      | Reached XP level 10. HP: 64/64 MP: 10/10
  7104 | D:7      | Found a staircase to the Ecumenical Temple.
  7476 | D:8      | Reached skill level 15 in Ranged Weapons
  7476 | D:8      | Reached skill level 1 in Evocations
  7531 | D:8      | Reached * piety under Hepliaklqana
  7969 | D:8      | Noticed a two-headed ogre
  7984 | D:8      | Killed a two-headed ogre
  8417 | D:8      | Noticed Psyche
  8423 | D:8      | Killed Psyche
  8869 | D:9      | Reached XP level 11. HP: 61/61 MP: 11/11
  8967 | D:9      | Reached skill level 10 in Evocations
  9070 | D:9      | Noticed a deep elf pyromancer
  9078 | D:9      | Killed a deep elf pyromancer
  9116 | D:9      | Noticed a two-headed ogre
  9116 | D:9      | Noticed a centaur warrior
  9116 | D:9      | Noticed a manticore
  9124 | D:9      | Killed a manticore
  9125 | D:9      | Killed a centaur warrior
  9128 | D:9      | Killed a two-headed ogre
  9165 | D:9      | Noticed a centaur warrior
  9179 | D:9      | Killed a centaur warrior
  9397 | D:9      | Reached skill level 16 in Ranged Weapons
  9558 | D:9      | Found a hide-covered altar of Uskayaw.
  9744 | D:9      | Reached XP level 12. HP: 65/65 MP: 12/12
  9758 | D:9      | Identified the +9 shortbow of Ignis's Benevolence {flame,
                  | rN+ Dex+5}
  9868 | D:10     | Entered Level 10 of the Dungeon
  9897 | D:10     | Reached skill level 17 in Ranged Weapons
  9909 | D:10     | Reached ** piety under Hepliaklqana
  9910 | D:10     | Remembered your ancestor Tochtli as a knight
  9974 | D:10     | Noticed a two-headed ogre
  9981 | D:10     | Killed a two-headed ogre
  9991 | D:10     | Reached skill level 18 in Ranged Weapons
 10381 | D:10     | Found a bloodstained altar of Trog.
 10709 | D:11     | Found a staircase to the Lair.
 10732 | D:11     | Found a gate leading to a gauntlet.
 10738 | Gauntlet | Entered a Gauntlet
 10738 | Gauntlet | Found a transporter.
 10742 | Gauntlet | Noticed a death scarab
 10742 | Gauntlet | Noticed a death scarab
 10744 | Gauntlet | Found a transporter.
 10780 | Gauntlet | Found a transporter.
 10785 | Gauntlet | Noticed a blizzard demon
 10808 | Gauntlet | Noticed a great orb of eyes
 10812 | Gauntlet | Found a transporter.
 10812 | Gauntlet | Found a transporter.
 10814 | Gauntlet | Noticed a balrug
 10824 | Gauntlet | Found a transporter.
 10833 | Gauntlet | Noticed a reaper
 10837 | Gauntlet | Found a transporter.
 10863 | Gauntlet | Noticed an entropy weaver
 10872 | Gauntlet | Found a transporter.
 10900 | Gauntlet | Found a transporter.
 10900 | Gauntlet | Found a transporter.
 10972 | Gauntlet | Identified the amulet of Hiaz {Faith rN+ Dex+2 Slay+2}
 10975 | Gauntlet | HP: 1/68 [wolf spider (9)]
 10977 | Gauntlet | Succumbed to a wolf spider's poison

Illustrated notes

Levels and vault maps discovered:
D:1:      dpeg_arrival_rooms_with_view, layout_basic
D:2:      layout_basic, shapermc_ecumenical_altar_rom_forum
D:3:      layout_loops_cross, serial_co_window_serial, co_window_corner_a,
          co_window_paths_b, co_window_corner_a, co_window_of_opportunity_a,
          co_window_paths_b, co_window_paths_c, co_window_broadway_b,
          co_window_broadway_b, co_window_of_opportunity_b, glass_columns_c,
          glass_columns_c, glass_columns_a, glass_columns_a
D:4:      layout_cave_pools, nicolae_ru_the_path_less_chosen,
          mainiacjoe_overflow_alcove_4, enter_ossuary_2,
          ebering_dispersal_statue_hall, nicolae_shop_self_help
D:5:      layout_basic
D:6:      layout_loops_ring, makhleb_grotto_becter,
          amethyst_overflow_temple_binary, serial_demonic, serial_demonic_a,
          serial_demonic_e, serial_demonic_f, serial_demonic_d,
          serial_demonic_g, serial_demonic_b, minivault_26, uniq_edmund
D:7:      layout_rooms, lemuel_doored_altar, lemuel_temple_firewalk_b,
          uniq_prince_ribbit1
D:8:      layout_rooms, serial_co_window_serial, co_window_corner_a,
          co_window_paths_b, co_window_paths_a, co_window_paths_b,
          co_window_corner_a, co_window_broadway_a, co_window_corner_ca,
          co_window_cross_3, co_window_broadway_a, co_window_sun,
          co_window_paths_d, glass_columns_a, glass_columns_a, glass_columns_c,
          glass_columns_b, kennysheep_crisscross, uniq_psyche
D:9:      nzn_winding_woodlands_large [nzn_winding_woodlands_5x5_three,
          nzn_winding_woodlands_5x15_river_crossing,
          nzn_winding_woodlands_5x5_checkerboard,
          nzn_winding_woodlands_center_diamonds,
          nzn_winding_woodlands_15x15_eel_pit,
          nzn_winding_woodlands_center_lodge, nzn_winding_woodlands_hourglass,
          nzn_winding_woodlands_5x15_twine, nzn_winding_woodlands_5x5_cross],
          layout_basic, nicolae_uskayaw_dance_studio, minivault_25
D:10:     layout_roguey, general_overflow_altar
D:11:     minmay_razor_zed, layout_small_grid, david_lair_generic,
          gauntlet_entry_generic
Gauntlet: minmay_gauntlet_mixed_oops_all_seconds
          [minmay_gauntlet_arena_77_checkered,
          nicolae_gauntlet_arena_flowing_pool,
          minmay_gauntlet_arena_77_p_blocks,
          gammafunk_gauntlet_arena_arrow_garden,
          minmay_gauntlet_arena_77_hold_the_fort, nicolae_gauntlet_swirl,
          gauntlet_exit_green]

Skill      XL: |  1  2  3  4  5  6  7  8  9 10 11 12 |
---------------+-------------------------------------+-----
Fighting       | 3 4 5 8 9 |  9.3
Ranged Weapons | 7 8 10 14 15 16 18 | 18.0
Dodging        | 4 5 8 |  8.0
Evocations     | 9 10 | 10.0
Stealth        | 6 |  6.0

Action                     |  1- 3 |  4- 6 |  7- 9 | 10-12 || total
---------------------------+-------+-------+-------+-------++-------
  Melee: Shortbow          |       |       |       |     3 ||     3
   Fire: Shortbow          |    85 |   183 |   322 |   229 ||   819
         Orcbow            |       |       |       |   166 ||   166
 Invoke: Ancestor Life: Kn |       |       |       |     1 ||     1
  Evoke: Wand              |       |       |       |    10 ||    10
    Use: Scroll            |       |     8 |     3 |     7 ||    18
         Potion            |       |     5 |       |     8 ||    13
 Armour: Leather armour    |    20 |    14 |     1 |       ||    35
         Ring mail         |       |       |    59 |    51 ||   110
  Dodge: Dodged            |    42 |    61 |   141 |   170 ||   414

Table legend: (Time is in decaauts)
 A = Elapsed time spent in this place.
 B = Non-inter-level travel time spent in this place.
 C = Inter-level travel time spent in this place.
 D = Time resting spent in this place.
 E = Time spent auto-exploring this place.
 F = Levels seen in this place.
 G = Mean time per level.
                   A        B        C        D        E       F      G
               +--------+--------+--------+--------+--------+-----+--------+
         Total |  10944 |  10538 |    406 |    935 |   7988 |  13 |  841.8 |
       Dungeon |   9978 |   9572 |    406 |    503 |   7649 |  11 |  907.1 |
       Ossuary |    727 |    727 |      0 |    432 |    179 |   1 |  727.0 |
      Gauntlet |    238 |    238 |      0 |      0 |    160 |   1 |  238.0 |
               +--------+--------+--------+--------+--------+-----+--------+

Top non-repeatable levels by time:
     D:6: 1335 daAuts
     D:8: 1318 daAuts
     D:9: 1268 daAuts
     D:5: 1139 daAuts
     D:3: 1089 daAuts
     D:2: 869 daAuts
    D:10: 819 daAuts
     D:4: 732 daAuts
 Ossuary: 727 daAuts
     D:1: 691 daAuts
     D:7: 680 daAuts
Gauntlet: 238 daAuts
    D:11: 33 daAuts
